 Dungeon Crawl Stone Soup version 0.19.1 (webtiles) character file.

133 empire the Skirmisher (level 4, 0/34 HPs)
             Began as a High Elf Skald on Dec 21, 2016.
             Slain by Sigmund
             ... wielding a +0 scythe
              (12 damage)
             ... on level 3 of the Dungeon.
             The game lasted 00:05:57 (2857 turns).

empire the Skirmisher (High Elf Skald)              Turns: 2857, Time: 00:05:58

Health: 0/34       AC:  4    Str: 11    XL:     4   Next: 93%
Magic:  4/8        EV: 10    Int: 15    God:
Gold:   103        SH:  0    Dex: 16    Spells: 1 memorised, 6 levels left

rFire  + . .     SeeInvis .     a - +0 falchion
rCold  . . .     Gourm    .     Z - +0 leather armour
rNeg   . . .     Faith    .     (no shield)
rPois  +         Spirit   .     (no helmet)
rElec  .         Reflect  .     (no cloak)
rCorr  .         Harm     .     X - +0 pair of gloves
MR     .....                    (no boots)
Stlth  +.........               (no amulet)
                                e - ring of protection from fire
                                f - ring of poison resistance

@: confused, infused (expiring), very slightly contaminated, heavily drained
A: talons 1, blurry vision 1, poison resistance
a: no special abilities


You were on level 3 of the Dungeon.
You were not hungry.

You visited 1 branch of the dungeon, and saw 3 of its levels.

You collected 103 gold pieces.

Inventory:

Hand Weapons
 a - a +0 falchion (weapon)
Missiles
 m - 7 bolts
Armour
 s - a +0 scale mail
 v - a +0 ring mail
 w - a +0 chain mail
 X - a +0 pair of gloves (worn)
 Z - a +0 leather armour (worn)
Jewellery
 e - a ring of protection from fire (right hand)
 f - a ring of poison resistance (left hand)
 i - an uncursed amulet of harm
 q - a +6 ring of dexterity {unknown}
Scrolls
 b - 2 scrolls of fog {unknown}
 g - a scroll of enchant armour {unknown}
 j - 3 scrolls of amnesia {unknown}
 l - a scroll of enchant weapon {unknown}
 o - 3 scrolls of remove curse {unknown}
 p - a scroll of teleportation {unknown}
 r - a scroll of magic mapping {unknown}
 u - a scroll of blinking {unknown}
Potions
 k - a potion of degeneration
Books
 c - a book of Battle

   Spells                             Type                      Level
   a - Infusion                       Charms                       1
   b - Shroud of Golubria             Charms/Translocation         2
   c - Song of Slaying                Charms                       2
   d - Spectral Weapon                Hexes/Charms                 3
   e - Regeneration                   Charms/Necromancy            3
Comestibles
 d - 2 bread rations
 h - a beef jerky
 n - a slice of pizza
 t - a meat ration


   Skills:
 + Level 4.9(3.0) Fighting
 - Level 3.0(1.2) Long Blades
 - Level 0.8(0.0) Armour
 - Level 1.1(0.0) Dodging
 - Level 2.4(0.6) Spellcasting
 - Level 3.6(1.7) Charms


You had 6 spell levels left.
You knew the following spells:

 Your Spells              Type           Power        Failure   Level  Hunger
a - Infusion              Chrm           #...         21%         1    ##.....


Dungeon Overview and Level Annotations

Branches:
Dungeon (3/15)

Altars:

Annotations:
D:3 Sigmund


Innate Abilities, Weirdness & Mutations

You have sharp toenails.
Scrolls take you a little longer to read.
Your system is resistant to poisons. (rPois)


Message History

Your kick misses the hound.
The hound is moderately wounded.
You hear some strange, mumbled words.
You are confused.
The hound bites you.
Okay, then.
You're too confused!
You're too confused to move!
The hound closely misses you. Something hits you but does no damage.
You hit something! The hound closely misses you.
The hound bites you but does no damage. Something hits you.
You bump into the rock wall.
The hound closely misses you.
You hear some strange, mumbled words.
A magic dart appears from out of thin air!
The magic dart hits you! The hound misses you.
You closely miss the hound. Your kick misses the hound.
The hound is moderately wounded.
Your magical infusion is running out.
The hound closely misses you. Something hits you!
You die...

# ## .# ##### ######### ##
#...#######>.......
##########......@hlbg....#
......))รท....###{###..##.#
#########.#.###..)##..# .#
#.....##.#.#.#.b# .#
#..###......#.#l.##.# #..
#......#.......# #.
#...........#..# #.
...####.###..#..# # ....#
#.# #..#..###.#


You could see a hound, a hobgoblin, a bat and a frilled lizard.

Vanquished Creatures
  An orc priest (D:3)
  Terence (D:2)
  2 adders (D:2)
  A worm (D:2)
  A dart slug (D:2)
  2 leopard geckos (D:2)
  4 orcs (D:3)
  7 bats
  A giant cockroach (D:2)
  6 goblins
  3 hobgoblins
  2 jackals (D:2)
  4 kobolds
  A quokka (D:2)
  A frilled lizard (D:2)
  16 rats
53 creatures vanquished.

Notes
Turn   | Place    | Note
-------+----------+-------------------------------------------
     0 | D:1      | empire the High Elf Skald began the quest for the Orb.
     0 | D:1      | Reached XP level 1. HP: 14/14 MP: 4/4
   267 | D:1      | Reached XP level 2. HP: 12/20 MP: 6/6
  1122 | D:2      | Reached skill level 3 in Fighting
  1214 | D:2      | Reached XP level 3. HP: 26/26 MP: 7/7
  1618 | D:2      | Noticed Terence
  1629 | D:2      | Gained mutation: You have sharp toenails. [potion of mutation]
  1629 | D:2      | Gained mutation: Scrolls take you a little longer to read. [potion of mutation]
  1629 | D:2      | Gained mutation: Your system is resistant to poisons. (rPois) [potion of mutation]
  1633 | D:2      | Killed Terence
  1633 | D:2      | Reached skill level 4 in Fighting
  1710 | D:2      | Reached XP level 4. HP: 30/33 MP: 8/8
  2831 | D:3      | Noticed Sigmund
  2857 | D:3      | Slain by Sigmund

Skill      XL: |  1  2  3 |
---------------+----------+-----
Long Blades    | 3 |  3.0
Fighting       | 3 4 |  4.9
Armour         | |  0.8
Dodging        | |  1.1
Spellcasting   | |  2.4
Charms         | |  3.6

Action                   |  1- 3 |  4- 6 || total
-------------------------+-------+-------++-------
Melee: Falchion          |   101 |   102 ||   203
       Kick              |     6 |    28 ||    34
 Cast: Infusion          |     4 |     4 ||     8
  Use: Scroll            |     3 |       ||     3
       Potion            |     3 |       ||     3
  Eat: Chunk             |     3 |     4 ||     7
Armor: Leather armour    |    38 |    58 ||    96
Dodge: Dodged            |    54 |    85 ||   139
       Rpst.: Falchion   |    20 |    27 ||    47
